 Dungeon Crawl Stone Soup version 0.31.0-11-ge490571c62 (webtiles) character file.

Game seed: 13412884930461548275

87 qw the Shooter (level 4, -2/22 HPs)
             Began as a Spriggan Hunter on Feb 4, 2024.
             Slain by a rat (3 damage)
             ... on level 3 of the Dungeon.
             The game lasted 00:00:05 (1730 turns).

qw the Shooter (Spriggan Hunter)                    Turns: 1730, Time: 00:00:05

Health: -2/22      AC:  2    Str:  7    XL:     4   Next: 28%
Magic:  5/5        EV: 20    Int: 10    God:
Gold:   145        SH:  0    Dex: 20    Spells: 3/3 levels left

rFire   . . .        a - +0 shortbow
rCold   . . .        (shield currently unavailable)
rNeg    . . .        c - +0 robe
rPois   .            (helmet restricted)
rElec   .            (no cloak)
rCorr   .            (gloves unavailable)
SInv    +            (boots unavailable)
Will    .....        (no amulet)
Stlth   ++           (no ring)
HPRegen 0.23/turn    (no ring)
MPRegen 0.09/turn

%: no passive effects
@: very quick
A: very small, no large weapons, unfitting armour, see invisible, speed 3
a: no special abilities


You were on level 3 of the Dungeon.
You visited 1 branch of the dungeon, and saw 3 of its levels.

You collected 145 gold pieces.


Innate Abilities, Weirdness & Mutations

You are very small and have problems with some larger weapons.
You are too small for most types of armour.
You have supernaturally acute eyesight. (SInv)
You cover ground extremely quickly. (Speed+++)


   Skills:
 - Level 1.5 Fighting
 - Level 5.0 Ranged Weapons
 + Level 4.7 Dodging
 - Level 1.5 Stealth


You had 3 spell levels left.
You didn't know any spells.
Your spell library was empty.

Inventory:

Hand Weapons
 a - a +0 shortbow (weapon)
Armour
 c - a +0 robe (worn)
Potions
 d - a potion of cancellation
 f - a potion of might
 i - a potion of degeneration {unknown}

Dungeon Overview and Level Annotations

Branches:
Dungeon (3/15)

Altars:


Message History

You shoot an arrow.
The arrow barely misses the giant cockroach.
The arrow barely misses the ribbon worm.
The giant cockroach barely misses you. The rat completely misses you.
The giant cockroach completely misses you.
You shoot an arrow. The arrow hits the ribbon worm.
The ribbon worm is moderately wounded.
The rat bites you.
A giant cockroach comes into view.
The giant cockroach misses you. The ribbon worm completely misses you.
You shoot an arrow.
The arrow completely misses the ribbon worm.
The giant cockroach bites you. The rat misses you.
You shoot an arrow.
The arrow hits the ribbon worm but does no damage.
The ribbon worm is moderately wounded.
The giant cockroach completely misses you.
The rat bites you but does no damage. The ribbon worm misses you.
The giant cockroach barely misses you. The rat closely misses you.
You shoot an arrow. The arrow hits the ribbon worm.
The ribbon worm is moderately wounded.
The ribbon worm expels a string of sticky webbing.
The stream of webbing misses you.
The giant cockroach completely misses you.
The rat barely misses you.
You shoot an arrow. The arrow hits the ribbon worm.
The ribbon worm is heavily wounded.
The giant cockroach bites you. The ribbon worm bites you!
The rat barely misses you. The giant cockroach misses you.
You shoot an arrow. The arrow hits the ribbon worm!
You kill the ribbon worm!
The giant cockroach barely misses you. The rat completely misses you.
You shoot an arrow.
The arrow barely misses the giant cockroach.
The giant cockroach closely misses you. The giant cockroach bites you.
The rat closely misses you.
You shoot an arrow. The arrow hits the giant cockroach!
You kill the giant cockroach!
The giant cockroach misses you. The rat bites you.
You die...

##
##?##.##(
#@B.$....
##r......
...!...
.......
.#...#.
.#...# .#
$## .. ##


You could see a giant cockroach and a rat.

Vanquished Creatures
  An adder (D:2)
  3 dart slugs
  4 ribbon worms
  4 bats
  8 endoplasms
  4 giant cockroaches
  5 goblins
  8 hobgoblins
  8 kobolds
  2 quokkas (D:1)
  4 ball pythons (D:1)
  A frilled lizard (D:2)
  6 rats (D:1)
58 creatures vanquished.

Notes
Turn   | Place    | Note
-------+----------+-------------------------------------------
     0 | D:1      | qw the Spriggan Hunter began the quest for the Orb.
     0 | D:1      | Reached XP level 1. HP: 10/10 MP: 2/2
     0 | D:1      | 0 ||| qw: Version: 0.3-a-160-g6735b56
     0 | D:1      | 0 ||| qw: Game counter: 5202
     0 | D:1      | 0 ||| qw: Melee chars always use a shield: true
     0 | D:1      | 0 ||| qw: God list: Okawaru
     0 | D:1      | 0 ||| qw: Allow faded altars: false
     0 | D:1      | 0 ||| qw: Do Orc after clearing Dungeon:15 true
     0 | D:1      | 0 ||| qw: Do second Lair branch before Depths: true
     0 | D:1      | 0 ||| qw: Lair rune preference: random
     0 | D:1      | 0 ||| qw: Goals: Normal
     0 | D:1      | 0 ||| PLANNING D:1-11
   100 | D:1      | Reached skill level 3 in Dodging
   269 | D:1      | Reached XP level 2. HP: 11/14 MP: 3/3
   430 | D:1      | Reached XP level 3. HP: 18/18 MP: 4/4
   967 | D:1      | 967 ||| DROPPING scroll of butterflies.
  1190 | D:2      | Reached skill level 5 in Ranged Weapons
  1283 | D:2      | Reached XP level 4. HP: 22/22 MP: 5/5
  1317 | D:2      | Found a faded altar of an unknown god.
  1636 | D:2      | 1636 ||| READING 3 scrolls labelled BUIFIFR XELUN.
  1636 | D:2      | 1636 ||| IDENTIFYING bubbling yellow potion
  1637 | D:2      | 1637 ||| READING 2 scrolls of identify.
  1637 | D:2      | 1637 ||| IDENTIFYING fizzy golden potion
  1638 | D:2      | 1638 ||| READING scroll of identify.
  1638 | D:2      | 1638 ||| IDENTIFYING purple potion
  1639 | D:2      | 1639 ||| READING scroll labelled CAICAF BOLO.
  1640 | D:2      | 1640 ||| READING scroll labelled VOTAFA SINEF LIU.
  1641 | D:2      | 1641 ||| DROPPING potion of ambrosia.
  1703 | D:3      | 1703 ||| PLANNING SEWER
  1727 | D:3      | HP: 1/22 [ribbon worm (8)]
  1730 | D:3      | Slain by a rat

Levels and vault maps discovered:
D:1:      ncdulo_lavacross, layout_basic, minmay_shallow_snake_nest
D:2:      layout_basic, dreamdust_ecumenical_altar_statues
D:3:      layout_basic, mainiacjoe_overflow_surrounded_room,
          cheibrodos_sewer_entry_drain, serial_shops, shop,
          minmay_three_crescents, uniq_ijyb

Skill      XL: |  1  2  3 |
---------------+----------+-----
Dodging        | 3 4 |  4.7
Ranged Weapons | 5 |  5.0
Fighting       | |  1.5
Stealth        | |  1.5

Action                     |  1- 3 |  4- 6 || total
---------------------------+-------+-------++-------
   Fire: Shortbow          |   108 |    31 ||   139
    Use: Scroll            |       |     5 ||     5
 Armour: Robe              |     6 |    13 ||    19
  Dodge: Dodged            |    33 |    34 ||    67

Table legend:
 A = Non-vault XP
 B = Vault XP
 C = Vault XP percentage of total XP
 D = Non-vault monster count
 E = Vault monster count
 F = Vault count percentage of total count
                 A         B        C        D         E       F
            +---------+---------+-------+---------+---------+-------
      Total |     113 |      14 |  11.0 |      51 |       7 |  12.1
            +---------+---------+-------+---------+---------+-------
        D:1 |      56 |       5 |   8.2 |      30 |       3 |   9.1
        D:2 |      48 |       0 |   0.0 |      17 |       0 |   0.0
        D:3 |       9 |       9 |  50.0 |       4 |       4 |  50.0
            +---------+---------+-------+---------+---------+-------
